 Dungeon Crawl Stone Soup version 0.23-a0-49-gd9f7a49 (webtiles) character file.

5525 galech the Cleaver (level 10, -8/90 HPs)
             Began as a Minotaur Fighter on Aug 6, 2018.
             Was a Priest of Makhleb.
             Mangled by a two-headed ogre
             ... wielding a +0 giant club
              (12 damage)
             ... on level 8 of the Dungeon.
             The game lasted 00:11:44 (8650 turns).

galech the Cleaver (Minotaur Fighter)               Turns: 8650, Time: 00:11:45

Health: -8/90      AC: 15    Str: 25    XL:     10   Next: 43%
Magic:  13/13      EV:  9    Int:  5    God:    Makhleb [***...]
Gold:   669        SH: 12    Dex: 12    Spells: 9/9 levels left

rFire    . . .     SeeInvis .   a - +1 war axe
rCold    + . .     Gourm    .   c - +0 shield
rNeg     . . .     Faith    .   G - +0 ice dragon scales
rPois    .         Spirit   .   (helmet restricted)
rElec    .         Reflect  .   (no cloak)
rCorr    .         Harm     .   l - +0 pair of gloves
MR       .....                  C - +0 pair of boots
Stlth    ..........             (no amulet)
HPRegen  0.25/turn              s - +3 ring of strength
MPRegen  0.13/turn              E - ring of fire

@: no status effects
A: retaliatory headbutt, horns 2
a: Minor Destruction, Lesser Servant of Makhleb, Renounce Religion


You were on level 8 of the Dungeon.
You worshipped Makhleb.
Makhleb was most pleased with you.
You were not hungry.

You visited 2 branches of the dungeon, and saw 10 of its levels.
You also visited: Ossuary.

You collected 669 gold pieces.

Inventory:

Hand Weapons
 a - a +1 war axe (weapon)
 y - the +3 mace of the Wolf {crush, MR- Int+6}
   (You found it on level 6 of the Dungeon)

   It inflicts extra damage upon your enemies.
   It affects your intelligence (+6).
   It affects your resistance to hostile enchantments.
Armour
 c - a +0 shield (worn)
 l - a +0 pair of gloves (worn)
 r - a +3 scale mail of positive energy
 C - a +0 pair of boots (worn)
 G - +0 ice dragon scales (worn)
 H - +0 steam dragon scales
Jewellery
 s - a +3 ring of strength (left hand)
 E - a ring of fire (right hand)
 J - an uncursed ring of resist corrosion {unknown}
Wands
 h - a wand of iceblast (8)
 j - a wand of scattershot (5)
 F - a wand of polymorph (17)
 I - a wand of disintegration (14)
Scrolls
 b - a scroll of magic mapping
 i - a scroll of teleportation
 t - 4 scrolls of remove curse
 u - 6 scrolls of identify
 x - 2 scrolls of immolation {unknown}
 z - 2 scrolls of amnesia
Potions
 d - 2 potions of might
 e - 4 potions of heal wounds {unknown}
 g - 4 potions of lignification {unknown}
 k - a potion of brilliance {unknown}
 m - 4 potions of degeneration {unknown}
 n - 3 potions of haste {unknown}
 o - 3 potions of mutation {unknown}
 p - a potion of curing {unknown}
 q - a potion of flight {unknown}
 v - a potion of resistance
 w - a potion of cancellation {unknown}
 A - a potion of berserk rage
 B - a potion of magic {unknown}
Comestibles
 f - 16 rations


   Skills:
 + Level 8.8 Fighting
 + Level 10.0 Axes
 + Level 8.9 Armour
 - Level 2.3 Dodging
 - Level 0.4 Stealth
 + Level 9.1 Shields
 + Level 5.5 Invocations


You had 9 spell levels left.
You didn't know any spells.
Your spell library was empty.

Dungeon Overview and Level Annotations

Branches:
Dungeon (9/15)             Temple (1/1) D:5            Lair (0/6) D:8
    Orc: D:9-12

Altars:
Ashenzari
Dithmenos
Elyvilon
Fedhas
Gozag
Kikubaaqudgha
Makhleb
Nemelex Xobeh
Okawaru
Ru
Sif Muna
Uskayaw
Wu Jian
Yredelemnul
The Shining One


Innate Abilities, Weirdness & Mutations

You reflexively headbutt those who attack you in melee.
You have a pair of horns on your head.


Message History

You are too injured to fight recklessly!
You are too injured to fight recklessly!
You are too injured to fight recklessly!
You hit the two-headed ogre but do no damage.
The two-headed ogre is heavily wounded.
You hit the two-headed ogre.
The two-headed ogre is heavily wounded.
The two-headed ogre hits you with a giant club!
* * * LOW HITPOINT WARNING * * *
The two-headed ogre hits you with a giant spiked club.
* * * LOW HITPOINT WARNING * * *
You slash the two-headed ogre!
The two-headed ogre is almost dead.
You block the two-headed ogre's attack. x2
You hit the two-headed ogre.
The two-headed ogre is almost dead.
The two-headed ogre hits you with a giant club!
* * * LOW HITPOINT WARNING * * *
The two-headed ogre hits you with a giant spiked club!
You die...

#.#########.########### #.#
#.##......... ###.#
#.##.####.### #...#########.##.#
#.# # ########.#........##.##.##
#>### #........................#
#....
##.#######..####.#.##..#.##
#.##. ...........†#
#.#.##..######.##. ##.#######.[#
#@#..........#.##. #.#
#)[####O####............
#.#######..##.....[.((..........
#.................([..#.#####.##
#....#..........#####O#.# #..#
##...............# #.#.# #...
#.#..##.##.#....## ##.#.# #..#
.....##.##.###..# #..#.#####.##
#.#..##.##.# #..# #.##.......#


You could see a two-headed ogre.

Vanquished Creatures
  Pikel (D:8)
  A troll (D:8)
  Prince Ribbit (D:8)
  2 hippogriffs
  Sigmund (D:2)
  A hungry ghost (D:8)
  A steam dragon (D:8)
  3 orc warriors
  2 ice beasts
  3 slaves (D:8)
  A sky beast (D:3)
  5 ogres
  3 phantoms
  A centaur (D:7)
  An elf zombie (Ossuary)
  A bullfrog (D:6)
  A gnoll sergeant (D:9)
  3 scorpions (D:7)
  14 killer bees
  A human zombie (Ossuary)
  A crimson imp (D:6)
  2 centaur zombies
  3 jellies
  2 hounds
  A bullfrog zombie (D:8)
  11 orc priests
  4 orc wizards
  Jessica (D:2)
  Terence (D:3)
  Natasha (thrice) (D:3)
  2 iguanas
  8 worker ants
  3 big kobold zombies (Ossuary)
  3 mummies (Ossuary)
  2 hound zombies
  A hound skeleton (D:7)
  A howler monkey zombie (D:7)
  18 gnolls
  8 adders
  A shadow imp (D:8)
  5 adder zombies
  An adder skeleton (D:4)
  3 worms
  3 dart slugs (D:2)
  6 leopard geckos
  23 orcs
  8 bats
  7 giant cockroaches
  8 goblins
  7 hobgoblins
  14 jackals
  4 quokkas
  3 ball pythons
  5 frilled lizards
  A gnoll zombie (Ossuary)
  6 goblin zombies
  A hobgoblin zombie (Ossuary)
  A jackal skeleton (D:6)
  5 jackal zombies (Ossuary)
  4 kobolds
  3 kobold zombies (Ossuary)
  2 orc zombies (Ossuary)
  5 quokka zombies
  4 rats
  2 rat zombies (Ossuary)
254 creatures vanquished.

Vanquished Creatures (others)
  A slave (D:8)
1 creature vanquished.

Grand Total: 255 creatures vanquished

Notes
Turn   | Place    | Note
-------+----------+-------------------------------------------
     0 | D:1      | galech the Minotaur Fighter began the quest for the Orb.
     0 | D:1      | Reached XP level 1. HP: 19/19 MP: 0/0
   391 | D:1      | Reached XP level 2. HP: 26/27 MP: 1/1
   923 | D:2      | Reached XP level 3. HP: 33/33 MP: 2/2
   979 | D:2      | Noticed Jessica
   985 | D:2      | Killed Jessica
   985 | D:2      | Reached skill level 3 in Axes
  1046 | D:2      | Noticed Sigmund
  1054 | D:2      | Reached skill level 1 in Dodging
  1059 | D:2      | Killed Sigmund
  1059 | D:2      | Reached skill level 4 in Axes
  1059 | D:2      | Reached XP level 4. HP: 3/41 MP: 3/3
  1059 | D:2      | Reached XP level 5. HP: 4/47 MP: 4/4
  1780 | D:2      | Reached skill level 5 in Shields
  1792 | D:2      | Found a white marble altar of Elyvilon.
  1909 | D:3      | Noticed Terence
  1916 | D:3      | Killed Terence
  1916 | D:3      | Reached XP level 6. HP: 45/53 MP: 5/5
  1922 | D:3      | Reached skill level 5 in Axes
  2025 | D:3      | Noticed a sky beast
  2050 | D:3      | Killed a sky beast
  2211 | D:3      | Noticed Natasha
  2214 | D:3      | Killed Natasha
  2215 | D:3      | Noticed Natasha
  2228 | D:3      | Killed Natasha
  2279 | D:3      | Reached skill level 6 in Axes
  2308 | D:3      | Noticed Natasha
  2311 | D:3      | Killed Natasha
  2311 | D:3      | Reached skill level 5 in Armour
  2509 | D:4      | Reached skill level 5 in Fighting
  2509 | D:4      | Reached XP level 7. HP: 61/61 MP: 6/6
  3261 | D:5      | Entered Level 5 of the Dungeon
  3537 | D:5      | Reached skill level 7 in Axes
  3663 | D:5      | Found an opulent altar of Gozag.
  3829 | D:5      | Found a staircase to the Ecumenical Temple.
  3851 | Temple   | Entered the Ecumenical Temple
  3856 | Temple   | Became a worshipper of Makhleb the Destroyer
  4059 | D:6      | Reached XP level 8. HP: 70/70 MP: 7/7
  4157 | D:6      | Got a slimy mace
  4158 | D:6      | Identified the cursed +3 mace of the Wolf {crush, MR- Int+6} (You found it on level 6 of the Dungeon)
  4228 | D:6      | Reached skill level 1 in Invocations
  5075 | D:7      | Found a sand-covered staircase.
  5095 | D:7      | Reached * piety under Makhleb
  5107 | Ossuary  | Entered an ossuary
  5186 | Ossuary  | Reached skill level 8 in Axes
  5443 | D:7      | Reached ** piety under Makhleb
  5456 | D:7      | Noticed a hippogriff
  5743 | D:7      | Reached XP level 9. HP: 39/78 MP: 10/10
  6394 | D:7      | Reached skill level 9 in Axes
  6786 | D:7      | Found a deep blue altar of Sif Muna.
  7656 | D:8      | Reached *** piety under Makhleb
  7664 | D:8      | Reached XP level 10. HP: 69/88 MP: 12/12
  7752 | D:8      | Noticed Pikel
  7766 | D:8      | Killed Pikel
  7766 | D:8      | Reached skill level 5 in Invocations
  7981 | D:8      | Found a staircase to the Lair.
  8143 | D:8      | Noticed Prince Ribbit
  8150 | D:8      | Killed Prince Ribbit
  8333 | D:9      | Reached skill level 10 in Axes
  8359 | D:9      | Noticed a two-headed ogre
  8650 | D:8      | HP: 4/90 [two-headed ogre/giant club (17)]
  8650 | D:8      | Mangled by a two-headed ogre

Vault maps used:
D:1:      dpeg_arrival_water_fire
D:2:      elyvilon_altar_3, minmay_surrounded, uniq_sigmund, uniq_jessica
D:3:      uniq_terence, uniq_natasha
D:4:      kennysheep_boxes
D:5:      temple_green, first_ration, grunt_gozag_breadcrumbs
D:7:      basic_altar, enter_ossuary_4, grunt_ogre_cave, grunt_ministairs_9,
          grunt_potential
D:8:      lair_entry_dummy, uniq_pikel, uniq_prince_ribbit1
D:9:      erik_orc_1, hangedman_decor_slide_cut
Temple:   dpeg_three_leaves_temple
Ossuary:  minmay_ossuary_two_tombs

Skill      XL: |  1  2  3  4  5  6  7  8  9 10 |
---------------+-------------------------------+-----
Fighting       | 4 5 6 8 |  8.8
Armour         | 4 5 6 8 |  8.9
Shields        | 4 5 6 7 8 9 |  9.1
Axes           | 4 6 7 8 9 10 | 10.0
Dodging        | 1 2 |  2.3
Invocations    | 3 4 5 |  5.5
Stealth        | |  0.4

Action                   |  1- 3 |  4- 6 |  7- 9 | 10-12 || total
-------------------------+-------+-------+-------+-------++-------
Melee: War axe           |    71 |    94 |   458 |    90 ||   713
       Headbutt          |     5 |    10 |    85 |    14 ||   114
       Mace              |       |       |    18 |       ||    18
  Use: Scroll            |       |       |    10 |       ||    10
  Eat: Chunk             |       |     5 |    15 |     2 ||    22
       Ration            |       |       |     1 |       ||     1
Armor: Scale mail        |    36 |    52 |   151 |       ||   239
       Ice dragon scales |       |       |       |    35 ||    35
Dodge: Dodged            |    22 |    33 |   148 |    39 ||   242
Block: Shield            |    44 |    47 |   235 |    72 ||   398

Table legend:
 A = Spawn XP
 B = Non-spawn XP
 C = Spawn XP percentage of total XP
 D = Spawn monster count
 E = Non-spawn monster count
 F = Spawn count percentage of total count
 G = Total turns spent on level
                    A         B        C        D         E        F      G
               +---------+---------+-------+---------+---------+-------+---------
         Total |       0 |    7893 |   0.0 |       0 |     251 |   0.0 |  8650
               +---------+---------+-------+---------+---------+-------+---------
           D:1 |       0 |      14 |   0.0 |       0 |      10 |   0.0 |   723
           D:2 |       0 |     332 |   0.0 |       0 |      31 |   0.0 |  1161
           D:3 |       0 |     384 |   0.0 |       0 |      33 |   0.0 |   556
           D:4 |       0 |     243 |   0.0 |       0 |      17 |   0.0 |   821
           D:5 |       0 |     362 |   0.0 |       0 |      13 |   0.0 |   762
           D:6 |       0 |     642 |   0.0 |       0 |      19 |   0.0 |   971
           D:7 |       0 |    2753 |   0.0 |       0 |      54 |   0.0 |  2078
           D:8 |       0 |    2366 |   0.0 |       0 |      32 |   0.0 |  1152
           D:9 |       0 |     409 |   0.0 |       0 |       7 |   0.0 |   136
       Ossuary |       0 |     388 |   0.0 |       0 |      35 |   0.0 |   279
               +---------+---------+-------+---------+---------+-------+---------
